 Dungeon Crawl Stone Soup version 0.27-a0-597-g524d869a0f (webtiles) character file.

Game seed: 4295698216504819869

22602 harkras the Blocker (level 12, -5/104 HPs)
             Began as a Minotaur Fighter on Mar 11, 2021.
             Was the Champion of Okawaru.
             Slain by a manticore (13 damage)
             ... summoned by Kirke
             ... on level 13 of the Dungeon.
             The game lasted 00:12:47 (21100 turns).

harkras the Blocker (Minotaur Fighter)             Turns: 21100, Time: 00:12:47

Health: -5/104     AC:  0    Str: 26    XL:     12   Next: 64%
Magic:  16/16      EV: 15    Int:  5    God:    Okawaru [******]
Gold:   834        SH:  0    Dex: 10    Spells: 11/11 levels left

rFire    . . .     SeeInvis .   (weapon currently unavailable)
rCold    . . .     Faith    .   (shield currently unavailable)
rNeg     . . .     Spirit   .   (armour currently unavailable)
rPois    .         Reflect  .   (helmet currently unavailable)
rElec    .         Harm     .   (cloak currently unavailable)
rCorr    .         Rampage  .   (gloves currently unavailable)
Will     .....                  (boots currently unavailable)
Stlth    +.........             (no amulet)
HPRegen  0.27/turn              (ring currently unavailable)
MPRegen  0.15/turn              (ring currently unavailable)

@: pig-form, very quick
A: small, blink
a: Blink, Renounce Religion, Heroism, Finesse


You were on level 13 of the Dungeon.
You worshipped Okawaru.
Okawaru was exalted by your worship.
You were a filthy swine.
You visited 1 branch of the dungeon, and saw 13 of its levels.

You collected 981 gold pieces.
You spent 147 gold pieces at shops.

Inventory:

Hand Weapons
 a - a +0 flail
 L - a +3 morningstar of freezing (melded)
Armour
 b - a +0 scale mail
 c - a +0 kite shield (melded)
 i - a +0 pair of gloves (melded)
 m - a +1 pair of boots
 D - a +0 pair of boots (melded)
 I - a scarf of shadows (melded)
 N - a +0 plate armour (melded)
Jewellery
 h - a ring of magical power
 s - an amulet of the acrobat
 t - a +6 ring of dexterity
 E - a ring of fire
 F - an amulet of magic regeneration
Wands
 l - a wand of mindburst (11)
 o - a wand of polymorph (9)
 x - a wand of random effects (16)
 A - a wand of iceblast (7)
 B - a wand of acid (8)
 G - a wand of flame (21)
Scrolls
 d - a scroll of brand weapon {unknown}
 f - 6 scrolls of identify
 g - 9 scrolls of teleportation
 k - 2 scrolls of enchant weapon
 n - 4 scrolls of enchant armour {unknown}
 q - 2 scrolls of fear {unknown}
 r - 3 scrolls of magic mapping {unknown}
 u - 3 scrolls of random uselessness {unknown}
 y - a scroll of torment {unknown}
 C - a scroll of summoning {unknown}
 H - a scroll of acquirement {unknown}
 K - a scroll of amnesia {unknown}
 O - 2 scrolls of fog {unknown}
 P - a scroll of holy word {unknown}
 Q - a scroll of noise {unknown}
 R - 2 scrolls of immolation {unknown}
Potions
 e - 2 potions of attraction
 j - 2 potions of degeneration
 p - 3 potions of magic
 v - 6 potions of haste
 w - 6 potions of heal wounds
 z - a potion of brilliance {unknown}
 J - a potion of flight
 M - a potion of cancellation {unknown}


   Skills:
 + Level 9.3 Fighting
 + Level 12.7 Maces & Flails
 + Level 10.5 Armour
 + Level 5.7 Dodging
 - Level 0.6 Stealth
 * Level 14.0 Shields
 * Level 7.6 Invocations


You had 11 spell levels left.
You didn't know any spells.
Your spell library contained the following spells:

 Spells                   Type           Power      Damage    Failure   Level
 Animate Skeleton         Necr           0%         N/A       47%         1
 Corona                   Hex            0%         N/A       47%         1
 Magic Dart               Conj           0%         1d3       47%         1
 Pain                     Necr           0%         1d4       47%         1
 Sandblast                Erth           0%         2d4       47%         1
 Blink                    Tloc           N/A        N/A       63%         2
 Call Imp                 Summ           0%         N/A       63%         2
 Passwall                 Tmut/Erth      0%         N/A       63%         2
 Slow                     Hex            0%         N/A       63%         2
 Conjure Flame            Conj/Fire      0%         6-21      85%         3
 Inner Flame              Hex/Fire       0%         N/A       85%         3
 Mephitic Cloud           Conj/Pois/Air  0%         N/A       85%         3
 Portal Projectile        Hex/Tloc       0%         N/A       85%         3
 Stone Arrow              Conj/Erth      0%         3d7       85%         3
 Vampiric Draining        Necr           0%         2d6       85%         3
 Animate Dead             Necr           0%         N/A       99%         4
 Cause Fear               Hex            0%         N/A       99%         4
 Leda's Liquefaction      Hex/Erth       0%         N/A       99%         4
 Petrify                  Tmut/Erth      0%         N/A       99%         4
 Agony                    Necr           0%         N/A       100%        5
 Lee's Rapid Deconstruct  Erth           0%         3d5*      100%        5


Dungeon Overview and Level Annotations

Branches:
Dungeon (13/15)            Temple (0/1) D:6            Lair (0/6) D:8
    Orc (0/2) D:10
 Vaults: D:13-14

Altars:
Cheibriados
Dithmenos
Fedhas
Gozag
Hepliaklqana
Kikubaaqudgha
Makhleb
Nemelex Xobeh
Okawaru
Zin
The Shining One

Shops:
D:4 *   D:6 =

Annotations:
D:12 2 runed translucent doors
D:13 Kirke


Innate Abilities, Weirdness & Mutations

((You have a pair of horns on your head.))
((You reflexively headbutt those who attack you in melee.))
((You have a beak for a mouth.))
You can translocate small distances at will.
((Your system is resistant to poisons. (rPois)))


Message History

You are too injured to fight recklessly!
You are too injured to fight recklessly!
You are too injured to fight recklessly!
You are too injured to fight recklessly!
You are too injured to fight recklessly!
You are too injured to fight recklessly!
You are too injured to fight recklessly!
The manticore flicks its tail.
The volley of spikes hits you but does no damage.
You barely miss Kirke. Your headbutt misses Kirke.
Kirke is heavily wounded.
You feel sick.
You are no longer poisoned.
Kirke completely misses you.
You bludgeon Kirke!! You freeze Kirke. You peck Kirke!
Kirke is almost dead.
The manticore bites you. You block the manticore's attack.
The manticore claws you. Kirke closely misses you.
You hit Kirke. You freeze Kirke. You headbutt Kirke!
Kirke is almost dead.
You block the hog's attack. The manticore closely misses you.
You furiously retaliate!
You headbutt the manticore!
The manticore claws you but does no damage.
The manticore misses you. Kirke gestures at you while chanting.
You turn into a filthy swine.
Your +3 morningstar of freezing melds into your body.
Your scarf of shadows melds into your body.
Your +0 pair of gloves melds into your body.
Your +0 pair of boots melds into your body.
Your +0 kite shield melds into your body.
Your +0 plate armour melds into your body.
Your +3 morningstar of freezing stops glowing.
The dungeon's light returns to normal.
The hog completely misses you.
You barely miss Kirke.
Kirke is almost dead.
The manticore bites you!!
* * * LOW HITPOINT WARNING * * *
The manticore claws you!
You die...

#. ...# ... ...# ....
#..# ....# ..#
.....####..# #...@h...#
####hH..## . ##...## ..#
##†....###
...###........# ..
#...#............#
#.....[.........# #
##.....†........######..
##...................


You could see Kirke, a manticore (summoned) and a hog.

Vanquished Creatures
  A boulder beetle (D:12)
  2 hydras
  4 two-headed ogres
  2 centaur warriors
  Nergalle (D:11)
  2 unseen horrors (D:11)
  Pikel (D:6)
  A cyclops (D:11)
  Maurice (D:13)
  A kobold demonologist (D:12)
  2 trolls
  2 hornets
  10 slime creatures (D:13)
  12 yaks
  4 wyverns (D:8)
  3 hogs (D:13)
  A naga (shapeshifter) (D:13)
  Edmund (D:6)
  A soldier ant (D:11)
  3 water moccasins
  4 sky beasts
  6 black bears
  3 ice beasts
  5 orc warriors
  4 ogres
  A wolf (D:8)
  3 phantoms
  8 centaurs
  3 lemures (D:5)
  3 kobold brigands
  5 bullfrogs
  3 scorpions
  17 killer bees
  17 wights
  A vampire bat (D:8)
  2 howler monkeys
  A bullfrog zombie (D:5)
  A quasit (D:7)
  7 orc priests
  6 hounds
  A centaur zombie (D:11)
  5 jellies
  3 centaur skeletons
  9 iguanas
  11 orc wizards
  9 worker ants
  A hound zombie (D:9)
  A hound skeleton (D:7)
  2 worker ant zombies (D:11)
  13 adders
  3 gnolls (D:4)
  A shadow imp (D:5)
  4 ufetubi
  An ooze (D:3)
  An adder skeleton (D:6)
  4 worms
  A dart slug (D:1)
  6 leopard geckos
  50 orcs
  3 bat skeletons (D:8)
  2 bat zombies (D:8)
  3 giant cockroaches
  8 goblins
  11 hobgoblins
  9 jackals
  2 quokkas
  A ball python (D:1)
  6 bats
  5 frilled lizards
  A jackal skeleton (D:6)
  20 kobolds
  A quokka zombie (D:9)
  7 rats
  A spectral orc (D:5)
361 creatures vanquished.

Vanquished Creatures (others)
  An orc wizard (D:9)
  An adder (D:5)
  3 fungi (D:8)
  9 plants (D:8)
14 creatures vanquished.

Grand Total: 375 creatures vanquished

Notes
Turn   | Place    | Note
-------+----------+-------------------------------------------
     0 | D:1      | harkras the Minotaur Fighter began the quest for the Orb.
     0 | D:1      | Reached XP level 1. HP: 19/19 MP: 0/0
    95 | D:1      | Reached XP level 2. HP: 24/27 MP: 1/1
   714 | D:1      | Reached XP level 3. HP: 31/33 MP: 2/2
  1325 | D:2      | Reached XP level 4. HP: 30/40 MP: 3/3
  1482 | D:2      | Found an iron altar of Okawaru.
  1482 | D:2      | Found a shadowy altar of Dithmenos.
  1492 | D:2      | Found a burning altar of Makhleb.
  1492 | D:2      | Found a blossoming altar of Fedhas.
  1493 | D:2      | Found a sparkling altar of Nemelex Xobeh.
  1494 | D:2      | Found a glowing silver altar of Zin.
  1494 | D:2      | Found a snail-covered altar of Cheibriados.
  1495 | D:2      | Found an opulent altar of Gozag.
  1506 | D:2      | Became a worshipper of Warmaster Okawaru
  1528 | D:2      | Found a faded altar of an unknown god.
  1557 | D:2      | Reached skill level 4 in Shields
  2160 | D:3      | Reached XP level 5. HP: 40/46 MP: 4/4
  3079 | D:4      | Noticed an ogre
  3091 | D:4      | Killed an ogre
  3092 | D:4      | Reached skill level 5 in Maces & Flails
  3092 | D:4      | Reached skill level 1 in Dodging
  3347 | D:4      | Found Wuidillu's General Store.
  3355 | D:4      | Bought a scroll of teleportation for 42 gold pieces
  3355 | D:4      | Bought a scroll of blinking for 105 gold pieces
  3513 | D:4      | Noticed an ogre
  3519 | D:4      | Killed an ogre
  3520 | D:4      | Reached skill level 5 in Armour
  3520 | D:4      | Reached XP level 6. HP: 41/53 MP: 5/5
  3948 | D:4      | Reached skill level 5 in Shields
  4291 | D:4      | Reached * piety under Okawaru
  4377 | D:5      | Entered Level 5 of the Dungeon
  4391 | D:5      | Reached XP level 7. HP: 32/60 MP: 6/6
  4587 | D:5      | Reached skill level 5 in Fighting
  4871 | D:5      | Reached skill level 6 in Shields
  5246 | D:5      | Reached XP level 8. HP: 69/69 MP: 7/7
  5421 | D:5      | Found a hazy altar of Hepliaklqana.
  5809 | D:5      | Reached ** piety under Okawaru
  6328 | D:6      | Found Seesh's Jewellery Emporium.
  6460 | D:6      | Noticed Pikel
  6964 | D:6      | Killed Pikel
  6964 | D:6      | Reached *** piety under Okawaru
  6965 | D:6      | Reached skill level 7 in Shields
  7223 | D:6      | Noticed Edmund
  7237 | D:6      | Killed Edmund
  7398 | D:6      | Found a staircase to the Ecumenical Temple.
  7645 | D:6      | Reached XP level 9. HP: 42/75 MP: 8/8
  7902 | D:7      | Reached skill level 1 in Invocations
  8220 | D:7      | Reached skill level 8 in Shields
  8357 | D:7      | Found a glowing golden altar of the Shining One.
  8930 | D:8      | Found a staircase to the Lair.
  9300 | D:7      | Paralysed by a hornet for 2 turns
  9310 | D:7      | HP: 1/78 [hornet (12)]
 10255 | D:8      | Reached skill level 9 in Shields
 10262 | D:8      | Reached **** piety under Okawaru
 10692 | D:8      | Reached XP level 10. HP: 59/86 MP: 11/11
 10985 | D:8      | Reached skill level 10 in Shields
 10993 | D:8      | Found an ancient bone altar of Kikubaaqudgha.
 10996 | D:8      | Reached ***** piety under Okawaru
 11112 | D:8      | Paralysed by a hornet for 3 turns
 11121 | D:8      | Gained mutation: You evolve. [potion of mutation]
 11121 | D:8      | Gained mutation: Your system is resistant to poisons.
                  | (rPois) [potion of mutation]
 11121 | D:8      | Gained mutation: You can translocate small distances at
                  | will. [potion of mutation]
 11153 | D:7      | HP: 4/86 [poisoned by a hornet]
 11161 | D:7      | HP: 4/86 [poisoned by a hornet]
 11504 | D:8      | Paralysed by a hornet for 2 turns
 12404 | D:9      | Reached skill level 11 in Shields
 12685 | D:9      | Reached skill level 10 in Maces & Flails
 12770 | D:10     | Entered Level 10 of the Dungeon
 13211 | D:9      | Gained mutation: You have a beak for a mouth. [evolution]
 13211 | D:9      | Lost mutation: You evolve. [end of evolution]
 14336 | D:10     | Reached ****** piety under Okawaru
 14592 | D:10     | Found a staircase to the Orcish Mines.
 14902 | D:10     | Noticed a two-headed ogre
 14910 | D:10     | Killed a two-headed ogre
 14911 | D:10     | Reached skill level 5 in Invocations
 14911 | D:10     | Reached XP level 11. HP: 56/93 MP: 13/13
 15748 | D:11     | Killed an unseen horror
 16347 | D:11     | Noticed a centaur warrior
 16359 | D:11     | Killed a centaur warrior
 16510 | D:11     | Noticed a two-headed ogre
 16518 | D:11     | Reached skill level 5 in Dodging
 16518 | D:11     | Reached skill level 12 in Shields
 16533 | D:11     | Killed a two-headed ogre
 16533 | D:11     | Received a gift from Okawaru
 16849 | D:11     | Killed an unseen horror
 17310 | D:11     | Noticed Nergalle
 17334 | D:11     | Killed Nergalle
 17894 | D:11     | Noticed a six-headed hydra
 17907 | D:11     | Killed a six-headed hydra
 18383 | D:11     | Noticed a two-headed ogre
 18386 | D:11     | Killed a two-headed ogre
 18387 | D:11     | Reached skill level 10 in Armour
 18643 | D:12     | Noticed a fire dragon
 18645 | D:12     | Noticed an ice dragon
 18652 | D:12     | Noticed a fire dragon
 18656 | D:12     | Found a runed translucent door.
 18656 | D:12     | Found a runed translucent door.
 18656 | D:12     | Noticed an ice dragon
 18657 | D:12     | Found the +2 shield of Resistance {rF++ rC++ Will++}
 18752 | D:12     | Noticed a boulder beetle
 19306 | D:12     | Killed a boulder beetle
 19307 | D:12     | Reached skill level 13 in Shields
 19307 | D:12     | Reached XP level 12. HP: 76/103 MP: 8/15
 19863 | D:12     | Noticed a two-headed ogre
 19872 | D:12     | Killed a two-headed ogre
 20404 | D:13     | Noticed a five-headed hydra
 20409 | D:13     | Killed a five-headed hydra
 20635 | D:13     | Noticed a centaur warrior
 20643 | D:13     | Killed a centaur warrior
 20990 | D:13     | Noticed Maurice
 21000 | D:13     | Killed Maurice
 21038 | D:13     | Noticed a death knight
 21084 | D:13     | Noticed Kirke
 21087 | D:13     | Reached skill level 14 in Shields
 21100 | D:13     | Slain by a manticore

Illustrated notes

Levels and vault maps discovered:
D:1:      dpeg_arrival_boxorama, layout_loops_ring
D:2:      layout_basic, grunt_temple_overflow_open,
          chequers_ecumenical_altar_simple_redux, corexii_leaking_fountain
D:3:      layout_loops_ring, serial_aquarium, aquarium_bridge_square
          [aquarium_subvault_wall, aquarium_subvault_bridge,
          aquarium_subvault_wall, aquarium_subvault_wall],
          aquarium_bridge_square [aquarium_subvault_bridge,
          aquarium_subvault_window, aquarium_subvault_balcony,
          aquarium_subvault_bridge], aquarium_window_1, aquarium_window_fake,
          aquarium_view_2d
D:4:      layout_gridville, serial_shops, shop
D:5:      layout_basic, nicolae_hepliaklqana_monster_ancestors,
          lemuel_flame_loot_1
D:6:      layout_rooms, minmay_temple_entry_overgrown, serial_shops,
          nicolae_shop_statue_plus, uniq_edmund, uniq_pikel
D:7:      layout_basic, tso_altar
D:8:      layout_rooms, kennysheep_vampire_church, minmay_lair_entry_grove,
          kennysheep_minor_cross
D:9:      layout_roguey, dk_noncrumbling_4
D:10:     layout_layer_cave, hiddenorc2_lemuel
D:11:     layout_basic, uniq_nergalle
D:12:     layout_long_grid, minmay_guarded_unrand_resistance
D:13:     layout_layer_cave, amethyst_killhole, minmay_nine_imps, uniq_maurice,
          uniq_kirke

Skill      XL: |  1  2  3  4  5  6  7  8  9 10 11 12 |
---------------+-------------------------------------+-----
Fighting       | 4 5 6 7 8 9 |  9.3
Armour         | 4 5 6 7 8 9 10 | 10.5
Maces & Flails | 4 5 6 7 8 9 10 11 12 | 12.7
Shields        | 4 5 6 7 9 11 13 14 | 14.0
Dodging        | 1 2 3 4 5 |  5.7
Invocations    | 3 5 6 7 |  7.6
Stealth        | |  0.6

Action                   |  1- 3 |  4- 6 |  7- 9 | 10-12 || total
-------------------------+-------+-------+-------+-------++-------
Melee: Flail             |    85 |   146 |   430 |   468 ||  1129
       Headbutt          |     7 |    25 |    72 |   181 ||   285
       Peck              |       |       |       |   104 ||   104
       Morningstar       |       |       |       |   274 ||   274
       Unarmed           |       |       |       |     1 ||     1
Invok: Heroism           |       |       |       |     1 ||     1
       Finesse           |       |       |       |     1 ||     1
  Use: Scroll            |       |     4 |     2 |     1 ||     7
       Potion            |       |       |     5 |     6 ||    11
Armor: Scale mail        |    54 |    56 |   206 |   245 ||   561
       Plate armour      |       |       |       |    91 ||    91
Dodge: Dodged            |    33 |    41 |   155 |   252 ||   481
Block: Kite shield       |    43 |    78 |   272 |   526 ||   919

Table legend: (Time is in decaauts)
 A = Elapsed time spent in this place.
 B = Non-inter-level travel time spent in this place.
 C = Inter-level travel time spent in this place.
 D = Time resting spent in this place.
 E = Time spent auto-exploring this place.
 F = Levels seen in this place.
 G = Mean time per level.
                   A        B        C        D        E       F      G
               +--------+--------+--------+--------+--------+-----+--------+
         Total |  21249 |  20727 |    522 |   3689 |  14062 |  13 | 1634.5 |
       Dungeon |  21249 |  20727 |    522 |   3689 |  14062 |  13 | 1634.5 |
               +--------+--------+--------+--------+--------+-----+--------+

Top non-repeatable levels by time:
    D:11: 2850 daAuts
    D:10: 2723 daAuts
     D:7: 2430 daAuts
     D:5: 2265 daAuts
     D:9: 1752 daAuts
     D:6: 1580 daAuts
     D:4: 1338 daAuts
    D:12: 1331 daAuts
     D:2: 1131 daAuts
     D:8: 1129 daAuts
     D:1: 1073 daAuts
     D:3: 925 daAuts
    D:13: 715 daAuts
